Edmonton Oil Kings vs London Knights
Created - Saturday, May 6, 2023 at 07:00
Goals
|
| Edmonton Oil Kings |
0 |
1 |
0 |
1 |
| London Knights |
0 |
2 |
2 |
4 |
|
Shots
|
| Edmonton Oil Kings |
13 |
13 |
5 |
31 |
| London Knights |
5 |
12 |
12 |
29 |
|
1st period
No Goal
Penalties :
Cole Koepke (LKN) for Holding (Minor) at 8:19, Curtis Douglas (LKN) for Boarding (Minor) at 17:16
2nd period
1. London Knights , Cameron Hughes 13 (Tyce Thompson 20, Rasmus Kupari 33) at 0:15
2. London Knights , Cameron Hughes 14 (Rasmus Kupari 34, Tyce Thompson 21) at 4:11
3. Edmonton Oil Kings , Ryan McLeod 15 (Dawson Mercer 49, Joey Anderson 13) at 7:32
Penalties :
Jack Johnson (EOK) for Charging (Minor) at 1:10, Josh Mahura (EOK) for Holding (Minor) at 8:29, Curtis Douglas (LKN) for Interference (Minor) at 10:49
3rd period
4. London Knights , Rasmus Kupari 17 (Tyce Thompson 22) at 0:48
5. London Knights , Curtis Douglas 16 (Ethan Bear 26, Jan Jenik 19) at 6:23
Penalties :
No Penalty
Goalie Stats
Adam Huska (EOK), 25 saves from 29 shots - (0.862), L, 14-10-0, 60:00 minutes
Michael McNiven (LKN), 30 saves from 31 shots - (0.968), W, 5-7-0, 60:00 minutes
Players Stats for Edmonton Oil Kings
Player Name G A P +/- PIM S H SB GA TA FO MP PP MP PK MP
------------------------------------------------------------------------------------
Brett Kulak 0 0 0 -3 0 1 4 0 0 1 0/0 22:49 2:38 1:55
Connor McMichael 0 0 0 -1 0 5 0 0 0 0 0/0 11:08 0:42 0:00
Dawson Mercer 0 1 1 -2 0 2 0 1 0 0 2/5 19:44 2:33 1:23
Dillon Dube 0 0 0 0 0 0 1 0 0 0 0/0 16:00 3:13 0:55
Dylan Holloway 0 0 0 0 0 0 6 0 0 0 1/4 11:59 0:00 0:00
Dysin Mayo 0 0 0 0 0 2 1 1 0 2 0/0 23:08 3:19 2:13
Filip Zadina 0 0 0 -2 0 3 0 0 1 0 0/1 17:35 1:55 0:00
Gabriel Carlsson 0 0 0 -3 0 3 0 3 2 1 0/0 21:39 2:38 0:28
Jack Johnson 0 0 0 0 2 3 2 1 0 1 0/0 19:21 0:00 0:59
Joey Anderson 0 1 1 0 0 7 0 1 2 0 0/0 14:33 2:29 0:00
Josh Mahura 0 0 0 0 2 2 1 0 0 0 0/0 17:51 3:03 1:04
Julien Gauthier 0 0 0 -1 0 0 2 0 1 0 0/0 11:32 0:00 0:56
Libor Hajek 0 0 0 0 0 0 0 1 0 0 0/0 14:58 0:16 1:17
Morgan Barron 0 0 0 0 0 1 0 1 0 0 0/0 13:37 0:47 1:04
Nikita Alexandrov 0 0 0 -1 0 0 1 0 0 0 3/4 11:18 0:51 0:00
Noah Gregor 0 0 0 0 0 1 2 0 1 1 0/2 17:14 3:15 1:49
Ryan McLeod 1 0 1 -2 0 1 2 2 1 0 9/23 19:40 1:55 1:49
Tyler Angle 0 0 0 0 0 0 2 1 1 0 4/6 11:54 0:11 0:00
Players Stats for London Knights
Player Name G A P +/- PIM S H SB GA TA FO MP PP MP PK MP
------------------------------------------------------------------------------------
Cameron Hughes 2 0 2 3 0 4 0 0 0 0 1/1 18:42 2:24 1:55
Christian Wolanin 0 0 0 1 0 2 3 0 0 0 0/0 20:05 1:22 2:55
Cole Koepke 0 0 0 0 2 1 1 1 1 0 0/0 12:44 0:00 0:00
Connor Bunnaman 0 0 0 0 0 1 1 1 0 0 1/1 15:28 1:34 0:36
Curtis Douglas 1 0 1 0 4 1 2 0 0 0 3/5 12:47 0:00 0:17
Declan McDonnell 0 0 0 0 0 0 0 0 0 0 0/0 9:36 0:00 0:00
Dominik Bokk 0 0 0 0 0 0 0 0 0 1 1/1 13:21 0:00 0:38
Ethan Bear 0 1 1 3 0 2 2 3 2 2 0/0 27:07 2:36 3:02
Jan Jenik 0 1 1 0 0 1 2 1 0 0 4/7 17:56 1:34 3:04
Jordan Oesterle 0 0 0 1 0 1 0 1 1 1 0/0 20:07 1:22 2:34
Marco Rossi 0 0 0 0 0 1 1 0 1 1 1/4 10:14 0:00 0:21
Nick Swaney 0 0 0 0 0 2 1 1 0 0 0/0 14:52 1:34 0:00
Rasmus Kupari 1 2 3 3 0 6 3 0 0 0 15/26 19:58 2:24 3:09
Sami Niku 0 0 0 -1 0 0 0 2 0 1 0/0 12:48 0:00 0:00
Simon Lundmark 0 0 0 -1 0 0 2 1 0 1 0/0 12:46 0:00 0:21
Simon Ryfors 0 0 0 0 0 1 0 0 0 1 0/0 11:35 0:00 1:54
Troy Stecher 0 0 0 3 0 3 0 4 0 1 0/0 27:07 2:36 3:02
Tyce Thompson 0 3 3 3 0 3 4 0 1 0 0/0 16:47 2:24 0:00
3 Stars
1 - Rasmus Kupari (LKN)
2 - Cameron Hughes (LKN)
3 - Tyce Thompson (LKN)
Power Play
Edmonton Oil Kings - 0 on 3 Attempt(s) - 0.00%
London Knights - 0 on 2 Attempt(s) - 0.00%
Penalty Kill
Edmonton Oil Kings - 2 on 2 Attempt(s) - 100.00%
- Score 0 goal in Penalty Kill
London Knights - 3 on 3 Attempt(s) - 100.00%
- Score 0 goal in Penalty Kill
Team Stat
Edmonton Oil Kings - Hits : 24 - Faceoff Wins : 19 - Blocked Shots : 12 - Penalty Minutes : 4
London Knights - Hits : 22 - Faceoff Wins : 26 - Blocked Shots : 15 - Penalty Minutes : 6
Official
Referees : Jacob Brenk and Brian Pochmara
Linesman : Matt MacPherson and Trent Knorr
Game Notes
No Game Note
Edmonton Oil Kings
5 vs 5 Forward
Center Left Wing Right Wing Time % Phy DF OF
1 Ryan McLeod Filip Zadina Dawson Mercer 40 0 2 3
2 Dylan Holloway Noah Gregor Dillon Dube 30 0 2 3
3 Tyler Angle Morgan Barron Joey Anderson 20 0 2 3
4 Nikita Alexandrov Connor McMichael Julien Gauthier 10 0 2 3
5 vs 5 Defense
Defense Defense Time % Phy DF OF
1 Dysin Mayo Jack Johnson 40 1 3 1
2 Brett Kulak Gabriel Carlsson 40 1 4 0
3 Libor Hajek Josh Mahura 20 1 3 1
4 Dysin Mayo Jack Johnson 0 1 2 2
PowerPlay Forward
Center Left Wing Right Wing Time % Phy DF OF
1 Dawson Mercer Noah Gregor Dillon Dube 60 0 0 5
2 Ryan McLeod Filip Zadina Joey Anderson 40 0 1 4
PowerPlay Defense
Defense Defense Time % Phy DF OF
1 Dysin Mayo Josh Mahura 60 0 1 4
2 Brett Kulak Gabriel Carlsson 40 0 1 4
Penalty Kill 4 Players Forward
Center Wing Time % Phy DF OF
1 Ryan McLeod Noah Gregor 60 1 4 0
2 Dawson Mercer Dillon Dube 40 1 4 0
Penalty Kill 4 Players Defense
Defense Defense Time % Phy DF OF
1 Dysin Mayo Jack Johnson 60 1 4 0
2 Brett Kulak Libor Hajek 40 1 4 0
Penalty Kill - 3 Players Forward
Forward Time % Phy DF OF
1 Ryan McLeod 60 1 4 0
2 Noah Gregor 40 1 4 0
Penalty Kill - 3 Players Defense
Defense Defense Time % Phy DF OF
1 Dysin Mayo Jack Johnson 60 1 4 0
2 Brett Kulak Libor Hajek 40 1 4 0
4 vs 4 Forward
Center Wing Time % Phy DF OF
1 Ryan McLeod Dillon Dube 60 0 2 3
2 Dawson Mercer Noah Gregor 40 0 2 3
4 vs 4 Defense
Defense Defense Time % Phy DF OF
1 Dysin Mayo Jack Johnson 60 0 3 2
2 Brett Kulak Josh Mahura 40 0 2 3
Last Minutes Offensive
Center Left Wing Right Wing Defense Defense
Ryan McLeod Dillon Dube Dawson Mercer Dysin Mayo Jack Johnson
Last Minutes Defensive
Center Left Wing Right Wing Defense Defense
Ryan McLeod Noah Gregor Dillon Dube Dysin Mayo Jack Johnson
Goaltenders
Starting : Adam Huska
Backup : Karel Vejmelka
Extra Forwards
Normal : Nikita Alexandrov, Connor McMichael, Julien Gauthier - PP : Nikita Alexandrov, Connor McMichael - PK : Julien Gauthier
Extra Defensemen
Normal : Libor Hajek, Josh Mahura, Brett Kulak - PP : Libor Hajek - PK : Josh Mahura, Brett Kulak
Penalty Shots
Dawson Mercer, Dillon Dube, Noah Gregor, Filip Zadina, Ryan McLeod
London Knights
5 vs 5 Forward
Center Left Wing Right Wing Time % Phy DF OF
1 Rasmus Kupari Cameron Hughes Tyce Thompson 40 1 2 2
2 Jan Jenik Connor Bunnaman Nick Swaney 30 1 2 2
3 Curtis Douglas Cole Koepke Dominik Bokk 20 1 2 2
4 Marco Rossi Simon Ryfors Declan McDonnell 10 1 2 2
5 vs 5 Defense
Defense Defense Time % Phy DF OF
1 Ethan Bear Troy Stecher 40 1 2 2
2 Jordan Oesterle Christian Wolanin 30 1 2 2
3 Sami Niku Simon Lundmark 20 1 2 2
4 Ethan Bear Troy Stecher 10 1 2 2
PowerPlay Forward
Center Left Wing Right Wing Time % Phy DF OF
1 Rasmus Kupari Cameron Hughes Tyce Thompson 60 1 2 2
2 Jan Jenik Connor Bunnaman Nick Swaney 40 1 2 2
PowerPlay Defense
Defense Defense Time % Phy DF OF
1 Ethan Bear Troy Stecher 60 1 2 2
2 Jordan Oesterle Christian Wolanin 40 1 2 2
Penalty Kill 4 Players Forward
Center Wing Time % Phy DF OF
1 Rasmus Kupari Jan Jenik 60 1 2 2
2 Cameron Hughes Curtis Douglas 40 1 2 2
Penalty Kill 4 Players Defense
Defense Defense Time % Phy DF OF
1 Ethan Bear Troy Stecher 60 1 2 2
2 Jordan Oesterle Christian Wolanin 40 1 2 2
Penalty Kill - 3 Players Forward
Forward Time % Phy DF OF
1 Rasmus Kupari 60 1 2 2
2 Jan Jenik 40 1 2 2
Penalty Kill - 3 Players Defense
Defense Defense Time % Phy DF OF
1 Ethan Bear Troy Stecher 60 1 2 2
2 Jordan Oesterle Christian Wolanin 40 1 2 2
4 vs 4 Forward
Center Wing Time % Phy DF OF
1 Rasmus Kupari Jan Jenik 60 1 2 2
2 Cameron Hughes Curtis Douglas 40 1 2 2
4 vs 4 Defense
Defense Defense Time % Phy DF OF
1 Ethan Bear Troy Stecher 60 1 2 2
2 Jordan Oesterle Christian Wolanin 40 1 2 2
Last Minutes Offensive
Center Left Wing Right Wing Defense Defense
Rasmus Kupari Cameron Hughes Tyce Thompson Ethan Bear Troy Stecher
Last Minutes Defensive
Center Left Wing Right Wing Defense Defense
Rasmus Kupari Cameron Hughes Tyce Thompson Ethan Bear Troy Stecher
Goaltenders
Starting : Michael McNiven
Backup : Michael Hutchinson
Extra Forwards
Normal : Marco Rossi, Cole Koepke, Simon Ryfors - PP : Marco Rossi, Cole Koepke - PK : Simon Ryfors
Extra Defensemen
Normal : Sami Niku, Simon Lundmark, Jordan Oesterle - PP : Sami Niku - PK : Simon Lundmark, Jordan Oesterle
Penalty Shots
Rasmus Kupari, Jan Jenik, Cameron Hughes, Curtis Douglas, Marco Rossi
% Time on Ice - Edmonton Oil Kings
Lines # - Real PCT - Wanted PCT - Time Play
Normal Forward
1 - 32% - 40% - 15:53
2 - 24% - 30% - 12:06
3 - 23% - 20% - 11:43
4 - 21% - 10% - 10:23
Normal Defense
1 - 39% - 40% - 19:44
2 - 36% - 40% - 18:16
3 - 24% - 20% - 12:05
4 - 0% - 0% - 0:00
PP Forward
1 - 58% - 60% - 3:28
2 - 42% - 40% - 2:29
PP Defense
1 - 56% - 60% - 3:19
2 - 44% - 40% - 2:38
PK Forward
1 - 77% - 60% - 3:03
2 - 23% - 40% - 0:55
PK Defense
1 - 68% - 60% - 2:41
2 - 32% - 40% - 1:17
PK3 Forward
1 - 0% - 60%
2 - 0% - 40%
PK3 Defense
1 - 0% - 60%
2 - 0% - 40%
44 Forward
1 - 0% - 60%
2 - 0% - 40%
44 Defense
1 - 0% - 60%
2 - 0% - 40%
Last Minute Offensive - 0:00
Last Minute Defensive - 0:00
Total
Forward - 60:00
Defense - 60:00
|
% Time on Ice - London Knights
Lines # - Real PCT - Wanted PCT - Time Play
Normal Forward
1 - 29% - 40% - 14:42
2 - 27% - 30% - 13:18
3 - 25% - 20% - 12:29
4 - 19% - 10% - 9:36
Normal Defense
1 - 39% - 40% - 19:38
2 - 32% - 30% - 16:11
3 - 25% - 20% - 12:25
4 - 4% - 10% - 1:51
PP Forward
1 - 61% - 60% - 2:24
2 - 39% - 40% - 1:34
PP Defense
1 - 66% - 60% - 2:36
2 - 34% - 40% - 1:22
PK Forward
1 - 68% - 60% - 4:02
2 - 32% - 40% - 1:55
PK Defense
1 - 57% - 60% - 3:23
2 - 43% - 40% - 2:34
PK3 Forward
1 - 0% - 60%
2 - 0% - 40%
PK3 Defense
1 - 0% - 60%
2 - 0% - 40%
44 Forward
1 - 0% - 60%
2 - 0% - 40%
44 Defense
1 - 0% - 60%
2 - 0% - 40%
Last Minute Offensive - 0:00
Last Minute Defensive - 0:00
Total
Forward - 60:00
Defense - 60:00
|
Play-by-Play
1st period
0:01 of 1st period - Rasmus Kupari wins face-off versus Ryan McLeod in neutral zone.
0:30 of 1st period - Jan Jenik is hit by Dylan Holloway and loses puck.
1:52 of 1st period - Snap shot by Jan Jenik.
1:52 of 1st period - Deflect By Jack Johnson.
1:52 of 1st period - Shot Blocked by Jack Johnson.
1:52 of 1st period - Puck is out of play.
1:53 of 1st period - Jan Jenik wins face-off versus Tyler Angle in Edmonton Oil Kings zone.
2:06 of 1st period - Snap shot by Joey Anderson.
2:06 of 1st period - Shot Misses the Net.
2:27 of 1st period - Snap shot by Joey Anderson.
2:27 of 1st period - Stopped by Michael McNiven with a rebound.
2:31 of 1st period - Wrist shot by Joey Anderson.
2:31 of 1st period - Shot Blocked by Connor Bunnaman.
2:33 of 1st period - Snap shot by Morgan Barron.
2:33 of 1st period - Shot Blocked by Jan Jenik.
2:35 of 1st period - Wrist shot by Jack Johnson.
2:35 of 1st period - Stopped by Michael McNiven with a rebound.
3:01 of 1st period - Snap shot by Morgan Barron.
3:01 of 1st period - Stopped by Michael McNiven with a rebound.
3:15 of 1st period - Snap shot by Joey Anderson.
3:15 of 1st period - Stopped by Michael McNiven with a rebound.
3:17 of 1st period - Slapshot by Dysin Mayo.
3:17 of 1st period - Stopped by Michael McNiven with a rebound.
3:19 of 1st period - Slapshot by Jack Johnson.
3:19 of 1st period - Stopped by Michael McNiven with a rebound.
3:21 of 1st period - Slapshot by Jack Johnson.
3:21 of 1st period - Shot Misses the Net.
3:23 of 1st period - Slapshot by Jack Johnson.
3:23 of 1st period - Stopped by Michael McNiven with a rebound.
3:25 of 1st period - Snap shot by Joey Anderson.
3:25 of 1st period - Stopped by Michael McNiven with a rebound.
3:27 of 1st period - Slapshot by Dysin Mayo.
3:27 of 1st period - Stopped by Michael McNiven with a rebound.
3:29 of 1st period - Slapshot by Morgan Barron.
3:29 of 1st period - Deflect By Joey Anderson.
3:29 of 1st period - Shot Blocked by Nick Swaney.
3:29 of 1st period - Puck is out of play.
3:30 of 1st period - Rasmus Kupari wins face-off versus Ryan McLeod in London Knights zone.
3:41 of 1st period - Snap shot by Rasmus Kupari.
3:41 of 1st period - Shot Blocked by Gabriel Carlsson.
4:51 of 1st period - Noah Gregor is hit by Cole Koepke and loses puck.
5:01 of 1st period - Off-side.
5:02 of 1st period - Marco Rossi wins face-off versus Nikita Alexandrov in neutral zone.
5:34 of 1st period - Noah Gregor is hit by Rasmus Kupari and loses puck.
5:54 of 1st period - Slapshot by Filip Zadina.
5:54 of 1st period - Stopped by Michael McNiven with a rebound.
5:56 of 1st period - Slapshot by Jack Johnson.
5:56 of 1st period - Shot Blocked by Sami Niku.
6:55 of 1st period - Off-side.
6:56 of 1st period - Curtis Douglas wins face-off versus Ryan McLeod in neutral zone.
7:20 of 1st period - Dawson Mercer is hit by Curtis Douglas and loses puck.
7:29 of 1st period - Josh Mahura is hit by Curtis Douglas and loses puck.
7:58 of 1st period - Slapshot by Filip Zadina.
7:58 of 1st period - Stopped by Michael McNiven with a rebound.
8:00 of 1st period - Slapshot by Ryan McLeod.
8:00 of 1st period - Shot Misses the Net.
8:02 of 1st period - Slapshot by Libor Hajek.
8:02 of 1st period - Shot Misses the Net.
8:04 of 1st period - Slapshot by Libor Hajek.
8:04 of 1st period - Shot Misses the Net.
8:19 of 1st period - Minor Penalty to Cole Koepke for Holding.
8:20 of 1st period - Nikita Alexandrov wins face-off versus Rasmus Kupari in London Knights zone.
8:52 of 1st period - Brett Kulak is hit by Jan Jenik and loses puck.
10:19 of 1st period - Penalty to Cole Koepke is over, Cole Koepke is back on ice.
11:04 of 1st period - Snap shot by Tyce Thompson.
11:04 of 1st period - Stopped by Adam Huska with a rebound.
12:21 of 1st period - Dawson Mercer is hit by Tyce Thompson and loses puck.
12:41 of 1st period - Josh Mahura is hit by Nick Swaney and loses puck.
12:52 of 1st period - Curtis Douglas is hit by Dylan Holloway and loses puck.
13:09 of 1st period - Filip Zadina is hit by Christian Wolanin and loses puck.
13:53 of 1st period - Cole Koepke is hit by Brett Kulak and loses puck.
14:05 of 1st period - Off-side.
14:06 of 1st period - Tyler Angle wins face-off versus Marco Rossi in neutral zone.
14:25 of 1st period - Ethan Bear is hit by Jack Johnson and loses puck.
14:41 of 1st period - Slapshot by Jordan Oesterle.
14:41 of 1st period - Shot Blocked by Dysin Mayo.
14:43 of 1st period - Slapshot by Christian Wolanin.
14:43 of 1st period - Stopped by Adam Huska with a rebound.
15:03 of 1st period - Slapshot by Christian Wolanin.
15:03 of 1st period - Stopped by Adam Huska with a rebound.
15:05 of 1st period - Slapshot by Jordan Oesterle.
15:05 of 1st period - Stopped by Adam Huska with a rebound.
15:07 of 1st period - Wrist shot by Simon Ryfors.
15:07 of 1st period - Stopped by Adam Huska without a rebound.
15:08 of 1st period - Cameron Hughes wins face-off versus Noah Gregor in Edmonton Oil Kings zone.
15:38 of 1st period - Off-side.
15:39 of 1st period - Tyler Angle wins face-off versus Jan Jenik in neutral zone.
16:15 of 1st period - Off-side.
16:16 of 1st period - Rasmus Kupari wins face-off versus Ryan McLeod in neutral zone.
16:41 of 1st period - Troy Stecher is hit by Dylan Holloway and loses puck.
17:16 of 1st period - Minor Penalty to Curtis Douglas for Boarding.
17:17 of 1st period - Rasmus Kupari wins face-off versus Noah Gregor in London Knights zone.
17:23 of 1st period - Icing by Josh Mahura.
17:24 of 1st period - Rasmus Kupari wins face-off versus Dawson Mercer in Edmonton Oil Kings zone.
17:53 of 1st period - Snap shot by Filip Zadina.
17:53 of 1st period - Stopped by Michael McNiven with a rebound.
17:55 of 1st period - Wrist shot by Joey Anderson.
17:55 of 1st period - Shot Misses the Net.
17:57 of 1st period - Wrist shot by Ryan McLeod.
17:57 of 1st period - Shot Blocked by Ethan Bear.
17:59 of 1st period - Slapshot by Josh Mahura.
17:59 of 1st period - Stopped by Michael McNiven with a rebound.
19:16 of 1st period - Penalty to Curtis Douglas is over, Curtis Douglas is back on ice.
Goals for this period are 0 for Edmonton Oil Kings vs 0 for London Knights.
Shots for this period are 13 for Edmonton Oil Kings vs 5 for London Knights.
2nd period
0:01 of 2nd period - Ryan McLeod wins face-off versus Rasmus Kupari in neutral zone.
0:07 of 2nd period - Off-side.
0:08 of 2nd period - Rasmus Kupari wins face-off versus Ryan McLeod in neutral zone.
0:11 of 2nd period - Slapshot by Tyce Thompson.
0:11 of 2nd period - Shot Blocked by Ryan McLeod.
0:13 of 2nd period - Snap shot by Cameron Hughes.
0:13 of 2nd period - Shot Blocked by Gabriel Carlsson.
0:15 of 2nd period - Wrist shot by Tyce Thompson.
0:15 of 2nd period - Deflect By Cameron Hughes.
0:15 of 2nd period - Goal by Cameron Hughes - Edmonton Oil Kings : 0 - London Knights : 1.
0:16 of 2nd period - Ryan McLeod wins face-off versus Rasmus Kupari in neutral zone.
0:29 of 2nd period - Slapshot by Dawson Mercer.
0:29 of 2nd period - Shot Blocked by Troy Stecher.
1:10 of 2nd period - Minor Penalty to Jack Johnson for Charging.
1:11 of 2nd period - Ryan McLeod wins face-off versus Rasmus Kupari in Edmonton Oil Kings zone.
1:37 of 2nd period - Ryan McLeod is hit by Christian Wolanin.
1:43 of 2nd period - Snap shot by Connor Bunnaman.
1:43 of 2nd period - Shot Misses the Net.
3:10 of 2nd period - Penalty to Jack Johnson is over, Jack Johnson is back on ice.
4:03 of 2nd period - Snap shot by Cole Koepke.
4:03 of 2nd period - Stopped by Adam Huska without a rebound.
4:04 of 2nd period - Rasmus Kupari wins face-off versus Ryan McLeod in Edmonton Oil Kings zone.
4:05 of 2nd period - Wrist shot by Tyce Thompson.
4:05 of 2nd period - Deflect By Cameron Hughes.
4:05 of 2nd period - Stopped by Adam Huska with a rebound.
4:07 of 2nd period - Snap shot by Rasmus Kupari.
4:07 of 2nd period - Shot Misses the Net.
4:09 of 2nd period - Wrist shot by Rasmus Kupari.
4:09 of 2nd period - Shot Misses the Net.
4:11 of 2nd period - Slapshot by Cameron Hughes.
4:11 of 2nd period - Goal by Cameron Hughes - Edmonton Oil Kings : 0 - London Knights : 2.
4:12 of 2nd period - Ryan McLeod wins face-off versus Rasmus Kupari in neutral zone.
4:26 of 2nd period - Slapshot by Tyce Thompson.
4:26 of 2nd period - Stopped by Adam Huska with a rebound.
5:10 of 2nd period - Snap shot by Noah Gregor.
5:10 of 2nd period - Deflect By Dylan Holloway.
5:10 of 2nd period - Shot Blocked by Simon Lundmark.
5:10 of 2nd period - Puck is out of play.
5:11 of 2nd period - Ryan McLeod wins face-off versus Rasmus Kupari in London Knights zone.
5:36 of 2nd period - Connor Bunnaman is hit by Dylan Holloway and loses puck.
6:15 of 2nd period - Snap shot by Cameron Hughes.
6:15 of 2nd period - Stopped by Adam Huska without a rebound.
6:16 of 2nd period - Ryan McLeod wins face-off versus Rasmus Kupari in Edmonton Oil Kings zone.
6:16 of 2nd period - Ryan McLeod is hit by Ethan Bear.
6:41 of 2nd period - Brett Kulak is hit by Ethan Bear and loses puck.
6:50 of 2nd period - Wrist shot by Connor Bunnaman.
6:50 of 2nd period - Deflect By Nick Swaney.
6:50 of 2nd period - Stopped by Adam Huska with a rebound.
6:52 of 2nd period - Wrist shot by Jan Jenik.
6:52 of 2nd period - Stopped by Adam Huska with a rebound.
7:10 of 2nd period - Snap shot by Marco Rossi.
7:10 of 2nd period - Stopped by Adam Huska with a rebound.
7:24 of 2nd period - Snap shot by Dawson Mercer.
7:24 of 2nd period - Stopped by Michael McNiven with a rebound.
7:26 of 2nd period - Wrist shot by Ryan McLeod.
7:26 of 2nd period - Shot Misses the Net.
7:28 of 2nd period - Snap shot by Dawson Mercer.
7:28 of 2nd period - Stopped by Michael McNiven with a rebound.
7:30 of 2nd period - Slapshot by Dawson Mercer.
7:30 of 2nd period - Shot Blocked by Sami Niku.
7:32 of 2nd period - Wrist shot by Ryan McLeod.
7:32 of 2nd period - Goal by Ryan McLeod - Edmonton Oil Kings : 1 - London Knights : 2.
7:33 of 2nd period - Ryan McLeod wins face-off versus Rasmus Kupari in neutral zone.
7:38 of 2nd period - Slapshot by Jack Johnson.
7:38 of 2nd period - Shot Blocked by Ethan Bear.
8:05 of 2nd period - Slapshot by Ethan Bear.
8:05 of 2nd period - Shot Misses the Net.
8:07 of 2nd period - Slapshot by Nick Swaney.
8:07 of 2nd period - Stopped by Adam Huska without a rebound.
8:08 of 2nd period - Rasmus Kupari wins face-off versus Dawson Mercer in Edmonton Oil Kings zone.
8:29 of 2nd period - Minor Penalty to Josh Mahura for Holding.
8:30 of 2nd period - Rasmus Kupari wins face-off versus Ryan McLeod in Edmonton Oil Kings zone.
9:59 of 2nd period - Libor Hajek is hit by Rasmus Kupari and loses puck.
10:23 of 2nd period - Snap shot by Rasmus Kupari.
10:23 of 2nd period - Shot Misses the Net.
10:25 of 2nd period - Snap shot by Rasmus Kupari.
10:25 of 2nd period - Shot Blocked by Dawson Mercer.
10:27 of 2nd period - Slapshot by Troy Stecher.
10:27 of 2nd period - Deflect By Rasmus Kupari.
10:27 of 2nd period - Stopped by Adam Huska without a rebound.
10:28 of 2nd period - Ryan McLeod wins face-off versus Jan Jenik in Edmonton Oil Kings zone.
10:28 of 2nd period - Ryan McLeod is hit by Christian Wolanin.
10:29 of 2nd period - Penalty to Josh Mahura is over, Josh Mahura is back on ice.
10:38 of 2nd period - Slapshot by Ryan McLeod.
10:38 of 2nd period - Shot Misses the Net.
10:42 of 2nd period - Wrist shot by Noah Gregor.
10:42 of 2nd period - Stopped by Michael McNiven with a rebound.
10:44 of 2nd period - Wrist shot by Josh Mahura.
10:44 of 2nd period - Stopped by Michael McNiven without a rebound.
10:45 of 2nd period - Tyler Angle wins face-off versus Curtis Douglas in London Knights zone.
10:46 of 2nd period - Wrist shot by Joey Anderson.
10:46 of 2nd period - Stopped by Michael McNiven without a rebound.
10:47 of 2nd period - Dominik Bokk wins face-off versus Tyler Angle in London Knights zone.
10:49 of 2nd period - Minor Penalty to Curtis Douglas for Interference.
10:50 of 2nd period - Rasmus Kupari wins face-off versus Dawson Mercer in London Knights zone.
11:04 of 2nd period - Snap shot by Rasmus Kupari.
11:04 of 2nd period - Stopped by Adam Huska without a rebound.
11:05 of 2nd period - Dawson Mercer wins face-off versus Rasmus Kupari in Edmonton Oil Kings zone.
12:49 of 2nd period - Penalty to Curtis Douglas is over, Curtis Douglas is back on ice.
13:02 of 2nd period - Cole Koepke is hit by Nikita Alexandrov and loses puck.
13:17 of 2nd period - Julien Gauthier is hit by Marco Rossi and loses puck.
13:28 of 2nd period - Simon Lundmark is hit by Julien Gauthier and loses puck.
13:43 of 2nd period - Snap shot by Connor McMichael.
13:43 of 2nd period - Stopped by Michael McNiven with a rebound.
13:45 of 2nd period - Slapshot by Nikita Alexandrov.
13:45 of 2nd period - Deflect By Sami Niku.
13:45 of 2nd period - Shot Misses the Net.
13:45 of 2nd period - Puck is out of play.
13:46 of 2nd period - Dylan Holloway wins face-off versus Rasmus Kupari in London Knights zone.
14:14 of 2nd period - Connor Bunnaman is hit by Ryan McLeod and loses puck.
14:37 of 2nd period - Wrist shot by Cole Koepke.
14:37 of 2nd period - Shot Misses the Net.
14:39 of 2nd period - Slapshot by Ethan Bear.
14:39 of 2nd period - Shot Blocked by Joey Anderson.
14:41 of 2nd period - Wrist shot by Cole Koepke.
14:41 of 2nd period - Deflect By Dominik Bokk.
14:41 of 2nd period - Shot Blocked by Tyler Angle.
14:41 of 2nd period - Puck is out of play.
14:42 of 2nd period - Tyler Angle wins face-off versus Curtis Douglas in Edmonton Oil Kings zone.
14:58 of 2nd period - Snap shot by Morgan Barron.
14:58 of 2nd period - Shot Misses the Net.
15:00 of 2nd period - Slapshot by Brett Kulak.
15:00 of 2nd period - Deflect By Joey Anderson.
15:00 of 2nd period - Shot Misses the Net.
15:00 of 2nd period - Puck is out of play.
15:01 of 2nd period - Rasmus Kupari wins face-off versus Ryan McLeod in London Knights zone.
15:05 of 2nd period - Off-side.
15:06 of 2nd period - Dawson Mercer wins face-off versus Rasmus Kupari in neutral zone.
15:30 of 2nd period - Off-side.
15:31 of 2nd period - Connor Bunnaman wins face-off versus Dylan Holloway in neutral zone.
15:56 of 2nd period - Filip Zadina is hit by Tyce Thompson and loses puck.
16:21 of 2nd period - Slapshot by Joey Anderson.
16:21 of 2nd period - Stopped by Michael McNiven with a rebound.
16:23 of 2nd period - Snap shot by Joey Anderson.
16:23 of 2nd period - Stopped by Michael McNiven with a rebound.
16:25 of 2nd period - Snap shot by Morgan Barron.
16:25 of 2nd period - Shot Misses the Net.
16:27 of 2nd period - Snap shot by Joey Anderson.
16:27 of 2nd period - Shot Blocked by Troy Stecher.
16:37 of 2nd period - Snap shot by Connor McMichael.
16:37 of 2nd period - Stopped by Michael McNiven without a rebound.
16:38 of 2nd period - Nikita Alexandrov wins face-off versus Marco Rossi in London Knights zone.
16:41 of 2nd period - Snap shot by Connor McMichael.
16:41 of 2nd period - Stopped by Michael McNiven with a rebound.
17:11 of 2nd period - Wrist shot by Jan Jenik.
17:11 of 2nd period - Shot Misses the Net.
17:25 of 2nd period - Brett Kulak is hit by Tyce Thompson and loses puck.
17:30 of 2nd period - Snap shot by Rasmus Kupari.
17:30 of 2nd period - Shot Blocked by Gabriel Carlsson.
18:01 of 2nd period - Wrist shot by Connor McMichael.
18:01 of 2nd period - Stopped by Michael McNiven with a rebound.
18:03 of 2nd period - Slapshot by Gabriel Carlsson.
18:03 of 2nd period - Stopped by Michael McNiven with a rebound.
18:05 of 2nd period - Slapshot by Connor McMichael.
18:05 of 2nd period - Shot Blocked by Cole Koepke.
18:07 of 2nd period - Wrist shot by Julien Gauthier.
18:07 of 2nd period - Deflect By Nikita Alexandrov.
18:07 of 2nd period - Shot Hit the Post.
18:07 of 2nd period - Puck is out of play.
18:08 of 2nd period - Ryan McLeod wins face-off versus Jan Jenik in London Knights zone.
19:48 of 2nd period - Snap shot by Morgan Barron.
19:48 of 2nd period - Shot Misses the Net.
Goals for this period are 1 for Edmonton Oil Kings vs 2 for London Knights.
Shots for this period are 13 for Edmonton Oil Kings vs 12 for London Knights.
3rd period
0:01 of 3rd period - Rasmus Kupari wins face-off versus Ryan McLeod in neutral zone.
0:08 of 3rd period - Wrist shot by Tyce Thompson.
0:08 of 3rd period - Stopped by Adam Huska without a rebound.
0:09 of 3rd period - Rasmus Kupari wins face-off versus Ryan McLeod in Edmonton Oil Kings zone.
0:26 of 3rd period - Snap shot by Rasmus Kupari.
0:26 of 3rd period - Stopped by Adam Huska with a rebound.
0:28 of 3rd period - Backhand shot by Cameron Hughes.
0:28 of 3rd period - Shot Misses the Net.
0:30 of 3rd period - Slapshot by Rasmus Kupari.
0:30 of 3rd period - Shot Misses the Net.
0:32 of 3rd period - Wrist shot by Rasmus Kupari.
0:32 of 3rd period - Stopped by Adam Huska with a rebound.
0:34 of 3rd period - Slapshot by Troy Stecher.
0:34 of 3rd period - Stopped by Adam Huska with a rebound.
0:48 of 3rd period - Slapshot by Rasmus Kupari.
0:48 of 3rd period - Goal by Rasmus Kupari - Edmonton Oil Kings : 1 - London Knights : 3.
0:49 of 3rd period - Jan Jenik wins face-off versus Dylan Holloway in neutral zone.
0:54 of 3rd period - Troy Stecher is hit by Dylan Holloway and loses puck.
2:13 of 3rd period - Joey Anderson is hit by Tyce Thompson and loses puck.
2:38 of 3rd period - Jack Johnson is hit by Simon Lundmark.
3:39 of 3rd period - Slapshot by Rasmus Kupari.
3:39 of 3rd period - Shot Misses the Net.
4:25 of 3rd period - Dominik Bokk is hit by Ryan McLeod.
5:45 of 3rd period - Ethan Bear is hit by Tyler Angle and loses puck.
6:08 of 3rd period - Ethan Bear is hit by Jack Johnson and loses puck.
6:23 of 3rd period - Snap shot by Curtis Douglas.
6:23 of 3rd period - Goal by Curtis Douglas - Edmonton Oil Kings : 1 - London Knights : 4.
6:24 of 3rd period - Rasmus Kupari wins face-off versus Ryan McLeod in neutral zone.
6:37 of 3rd period - Slapshot by Filip Zadina.
6:37 of 3rd period - Shot Misses the Net.
6:58 of 3rd period - Wrist shot by Noah Gregor.
6:58 of 3rd period - Shot Blocked by Jordan Oesterle.
7:12 of 3rd period - Slapshot by Brett Kulak.
7:12 of 3rd period - Deflect By Joey Anderson.
7:12 of 3rd period - Stopped by Michael McNiven without a rebound.
7:13 of 3rd period - Curtis Douglas wins face-off versus Ryan McLeod in London Knights zone.
7:53 of 3rd period - Snap shot by Dillon Dube.
7:53 of 3rd period - Shot Blocked by Troy Stecher.
8:05 of 3rd period - Brett Kulak is hit by Jan Jenik and loses puck.
8:26 of 3rd period - Snap shot by Connor McMichael.
8:26 of 3rd period - Stopped by Michael McNiven with a rebound.
8:44 of 3rd period - Slapshot by Troy Stecher.
8:44 of 3rd period - Stopped by Adam Huska without a rebound.
8:45 of 3rd period - Curtis Douglas wins face-off versus Filip Zadina in Edmonton Oil Kings zone.
8:46 of 3rd period - Snap shot by Cole Koepke.
8:46 of 3rd period - Shot Misses the Net.
9:10 of 3rd period - Christian Wolanin is hit by Noah Gregor and loses puck.
10:10 of 3rd period - Wrist shot by Rasmus Kupari.
10:10 of 3rd period - Shot Blocked by Ryan McLeod.
10:24 of 3rd period - Filip Zadina is hit by Rasmus Kupari and loses puck.
10:39 of 3rd period - Slapshot by Brett Kulak.
10:39 of 3rd period - Shot Blocked by Troy Stecher.
10:41 of 3rd period - Slapshot by Gabriel Carlsson.
10:41 of 3rd period - Stopped by Michael McNiven with a rebound.
10:43 of 3rd period - Slapshot by Gabriel Carlsson.
10:43 of 3rd period - Stopped by Michael McNiven without a rebound.
10:44 of 3rd period - Jan Jenik wins face-off versus Dylan Holloway in London Knights zone.
10:55 of 3rd period - Wrist shot by Dillon Dube.
10:55 of 3rd period - Shot Misses the Net.
11:18 of 3rd period - Snap shot by Nick Swaney.
11:18 of 3rd period - Shot Misses the Net.
11:26 of 3rd period - Wrist shot by Jan Jenik.
11:26 of 3rd period - Shot Blocked by Morgan Barron.
11:34 of 3rd period - Josh Mahura is hit by Connor Bunnaman.
11:40 of 3rd period - Connor Bunnaman is hit by Dysin Mayo and loses puck.
12:41 of 3rd period - Backhand shot by Ethan Bear.
12:41 of 3rd period - Stopped by Adam Huska with a rebound.
12:43 of 3rd period - Wrist shot by Simon Ryfors.
12:43 of 3rd period - Shot Misses the Net.
12:57 of 3rd period - Snap shot by Cameron Hughes.
12:57 of 3rd period - Shot Misses the Net.
12:59 of 3rd period - Snap shot by Cameron Hughes.
12:59 of 3rd period - Shot Misses the Net.
13:01 of 3rd period - Snap shot by Cameron Hughes.
13:01 of 3rd period - Shot Misses the Net.
13:11 of 3rd period - Curtis Douglas is hit by Dylan Holloway and loses puck.
13:35 of 3rd period - Snap shot by Connor McMichael.
13:35 of 3rd period - Shot Misses the Net.
13:37 of 3rd period - Wrist shot by Connor McMichael.
13:37 of 3rd period - Shot Hit the Post.
13:39 of 3rd period - Snap shot by Brett Kulak.
13:39 of 3rd period - Stopped by Michael McNiven with a rebound.
14:01 of 3rd period - Dominik Bokk is hit by Brett Kulak and loses puck.
15:11 of 3rd period - Cole Koepke is hit by Tyler Angle and loses puck.
15:28 of 3rd period - Rasmus Kupari is hit by Brett Kulak and loses puck.
15:41 of 3rd period - Christian Wolanin is hit by Josh Mahura and loses puck.
16:09 of 3rd period - Marco Rossi is hit by Julien Gauthier and loses puck.
16:22 of 3rd period - Snap shot by Filip Zadina.
16:22 of 3rd period - Deflect By Ryan McLeod.
16:22 of 3rd period - Shot Misses the Net.
16:22 of 3rd period - Puck is out of play.
16:23 of 3rd period - Rasmus Kupari wins face-off versus Ryan McLeod in London Knights zone.
16:28 of 3rd period - Troy Stecher is hit by Brett Kulak and loses puck.
16:51 of 3rd period - Jan Jenik is hit by Dillon Dube and loses puck.
17:08 of 3rd period - Morgan Barron is hit by Simon Lundmark and loses puck.
17:28 of 3rd period - Icing by Tyce Thompson.
17:29 of 3rd period - Nikita Alexandrov wins face-off versus Marco Rossi in London Knights zone.
18:04 of 3rd period - Snap shot by Filip Zadina.
18:04 of 3rd period - Shot Misses the Net.
18:16 of 3rd period - Wrist shot by Joey Anderson.
18:16 of 3rd period - Shot Blocked by Ethan Bear.
18:43 of 3rd period - Slapshot by Ethan Bear.
18:43 of 3rd period - Stopped by Adam Huska with a rebound.
18:45 of 3rd period - Slapshot by Troy Stecher.
18:45 of 3rd period - Stopped by Adam Huska with a rebound.
18:47 of 3rd period - Wrist shot by Rasmus Kupari.
18:47 of 3rd period - Stopped by Adam Huska without a rebound.
18:48 of 3rd period - Jan Jenik wins face-off versus Ryan McLeod in Edmonton Oil Kings zone.
18:49 of 3rd period - Slapshot by Nick Swaney.
18:49 of 3rd period - Shot Misses the Net.
18:51 of 3rd period - Slapshot by Christian Wolanin.
18:51 of 3rd period - Shot Misses the Net.
18:53 of 3rd period - Snap shot by Christian Wolanin.
18:53 of 3rd period - Shot Blocked by Libor Hajek.
18:55 of 3rd period - Snap shot by Connor Bunnaman.
18:55 of 3rd period - Stopped by Adam Huska with a rebound.
19:13 of 3rd period - Dominik Bokk is hit by Noah Gregor and loses puck.
Goals for this period are 0 for Edmonton Oil Kings vs 2 for London Knights.
Shots for this period are 5 for Edmonton Oil Kings vs 12 for London Knights.
Back to the Top